 Dungeon Crawl Stone Soup version 0.32-a0-938-g40ac7a0 (webtiles) character file.

Game seed: 1362624978880409333

97561 onfire the Metamorph (level 16, -2/214 HPs)
             Began as an Oni Gladiator on Apr 19, 2024.
             Was the Champion of Okawaru.
             Slain by a merfolk siren
             ... wielding a +0 spear
              (12 damage)
             ... on level 1 of the Shoals.
             The game lasted 00:48:19 (26555 turns).

onfire the Metamorph (Oni Gladiator)               Turns: 26555, Time: 00:48:19

Health: -2/214     AC: 28    Str: 28    XL:     16   Next: 20%
Magic:  24/24      EV:  9    Int:  9    God:    Okawaru [******]
Gold:   2129       SH:  5    Dex: 10    Spells: 15/15 levels left

rFire   + . .        c - +8 giant spiked club (spect)
rCold   + + .        (shield currently unavailable)
rNeg    + . .        L - melded +4 robe of Augmentation {Str+4 Int+4 Dex+4}
rPois   ∞            M - +1 hat {Will+}
rElec   +            N - scarf {rC+ rF+}
rCorr   .            (gloves unavailable)
SInv    +            (boots unavailable)
Will    ++...        p - amulet of reflection
Stlth   +            y - ring of protection from cold
HPRegen 0.55/turn    j - ring of see invisible
MPRegen 0.19/turn

%: reflection
@: statue-form, spiked, mesmerised, very slow
A: slow and powerful, torment resistance 1, boosted hp, large, unfitting armour,
horns 1, (tough skin 1), double potion healing, drunken brawling
a: Begin Untransformation, Renounce Religion, Heroism, Finesse, Duel, Receive
Armour


You were on level 1 of the Shoals.
You worshipped Okawaru.
Okawaru was exalted by your worship.
You were a living statue of rough stone.
You visited 5 branches of the dungeon, and saw 24 of its levels.

You collected 2129 gold pieces.

Inventory:

Hand Weapons
 c - a +8 spectral giant spiked club (weapon)
 G - a +4 dire flail
Missiles
 d - 4 throwing nets
 e - 18 large rocks (quivered)
 x - 6 silver javelins
 E - 3 javelins
 J - 5 darts of dispersal
 P - 11 curare-tipped darts
Armour
 L - the +4 robe of Augmentation (melded) {Str+4 Int+4 Dex+4}
   (You found it on level 2 of the Lair of Beasts)

   Str+4:     It affects your strength (+4).
   Int+4:     It affects your intelligence (+4).
   Dex+4:     It affects your dexterity (+4).
 M - a +1 hat of willpower (worn)
 N - a scarf of resistance (worn)
 V - the +4 skin of Zhor {*Englaciate rC+++ SInv}
   (You found it on level 14 of the Dungeon)

   *Englaciate: It radiates cold, occasionally slowing all nearby creatures who
   are not resistant to cold.
   rC+++:     It renders you almost immune to cold.
   SInv:      It lets you see invisible.
Jewellery
 j - a ring of see invisible (right fist)
 p - an amulet of reflection (around neck)
 y - a ring of protection from cold (left fist)
 I - a ring of protection from fire
 S - a ring of resist corrosion
Talismans
 D - a granite talisman (active)
Wands
 b - a wand of flame (33)
 f - a wand of digging (12)
 o - a wand of mindburst (16)
 A - a wand of warping (13)
 K - a wand of acid (9)
 R - a wand of polymorph (11)
Scrolls
 a - a scroll of poison
 h - 5 scrolls of teleportation
 l - 5 scrolls of blinking
 n - 3 scrolls of silence
 s - a scroll of fear
 t - 2 scrolls of revelation
 v - 5 scrolls of immolation
 H - 2 scrolls of fog
 Q - 7 scrolls of identify
 U - a scroll of vulnerability
Potions
 i - 3 potions of brilliance
 k - 3 potions of resistance
 m - 2 potions of ambrosia
 q - 2 potions of invisibility
 r - 5 potions of magic
 u - a potion of mutation
 w - 3 potions of attraction
 z - 5 potions of haste
 B - a potion of lignification
 C - a potion of cancellation
 F - 3 potions of curing
 O - 3 potions of berserk rage
 T - a potion of might


   Skills:
 + Level 11.7 Fighting
 + Level 14.8 Maces & Flails
 - Level 10.0 Throwing
 - Level 5.0 Armour
 - Level 2.6 Dodging
 - Level 11.0 Invocations
 - Level 5.0 Evocations
 - Level 16.0 Shapeshifting


You had 15 spell levels left.
You didn't know any spells.
Your spell library contained the following spells:

 Spells                   Type           Power      Damage    Failure   Level
 Sandblast                Erth           0%         2d4       38%         1
 Passwall                 Erth           0%         N/A       77%         3
 Sigil of Binding         Hex            0%         N/A       77%         3
 Stone Arrow              Conj/Erth      0%         3d7       77%         3
 Volatile Blastmotes      Fire/Tloc      0%         2d10      77%         3
 Brom's Barrelling Bould  Conj/Erth      0%         2d3       99%         4
 Vhi's Electric Charge    Tloc/Air       0%         N/A       99%         4
 Iskenderun's Battlesphe  Conj           0%         2d6       100%        5
 Lee's Rapid Deconstruct  Erth           0%         3d4*      100%        5
 Bombard                  Conj/Erth      0%         9d1       100%        6
 Dispersal                Tloc           0%         N/A       100%        6
 Gell's Gavotte           Tloc           0%         2d(11-16) 100%        6
 Manifold Assault         Tloc           0%         N/A       100%        7
 Disjunction              Tloc           0%         N/A       100%        8
 Animate Armour           Summ/Erth      Unusable   N/A       N/A         4
 Summon Lightning Spire   Summ/Air       Unusable   N/A       N/A         4
 Death Channel            Necr           Unusable   N/A       N/A         6
 Sculpt Simulacrum        Ice/Alch       Unusable   N/A       N/A         6
 Spellforged Servitor     Conj/Summ      Unusable   N/A       N/A         7

Dungeon Overview and Level Annotations

Branches:
Dungeon (15/15)            Temple (1/1) D:4            Lair (5/5) D:11
 Shoals (1/4) Lair:3       Spider (0/4) Lair:3        Slime (0/5) Lair:5
    Orc (2/2) D:12            Elf (0/3) Orc:2        Vaults (0/5) D:13
 Depths: D:15

Altars:
Ashenzari
Cheibriados
Dithmenos
Elyvilon
Fedhas
Hepliaklqana
Kikubaaqudgha
Makhleb
Nemelex Xobeh
Okawaru
Qazlal
Ru
Sif Muna
Trog
Uskayaw
Vehumet
Wu Jian
Xom
Yredelemnul
Zin
The Shining One
Beogh
Jiyva

Shops:
D:5 [   D:14 (   Orc:2 ([*(*

Portals:
Trove: D:11 (give 4 scrolls of blinking)
Ice
Cave: Shoals:1

Annotations:
D:10 3 runed translucent doors, Girthnturf's ghost, journeyman DsFi
Shoals:1 2 runed translucent doors, kasel's ghost, adept DrSh


Innate Abilities, Weirdness & Mutations

You are a living statue of rough stone.
Your actions are slow, but your melee attacks are powerful.
You are resistant to unholy torment.
Your maximum health is greatly increased.
Your equipment is partially melded.
You are too large for most types of armour.
You are immune to poison.
You have a pair of small horns on your head.
((You have tough skin. (AC +1)))
You gain doubled healing and magic from potions.
Whenever you drink a healing potion, you attack all around you.


Message History

Aim: a manticore (75% to hit)
You throw a large rock. The large rock hits the manticore!!!
You kill the manticore!
Okawaru accepts your kill.
The merfolk siren chants its luring song. x2
The manticore flicks its tail.
The volley of spikes skewers you!
More barbed spikes become lodged in your body.
* * * LOW HITPOINT WARNING * * *
The merfolk siren chants its luring song.
Throw: 20 large rocks
Press: ? - help, Q - select action, (/) - cycle Shift-Dir - straight line, f - merfolk siren
Aim: a merfolk siren, wielding a +0 spear (mesmerising, 59% to hit)
You throw a large rock.
The large rock misses the merfolk siren.
You hear a splash.
The manticore flicks its tail.
The volley of spikes skewers you but does no damage.
The manticore flicks its tail.
The volley of spikes skewers you.
More barbed spikes become lodged in your body.
* * * LOW HITPOINT WARNING * * *
Throw: 19 large rocks
Press: ? - help, Q - select action, (/) - cycle Shift-Dir - straight line, f/p - merfolk siren
Aim: a merfolk siren, wielding a +0 spear (mesmerising, 59% to hit)
You throw a large rock.
The large rock closely misses the sea snake.
The large rock hits the merfolk siren and shatters for extra damage!!!
The merfolk siren is almost dead.
The sea snake bites you.
* * * LOW HITPOINT WARNING * * *
The merfolk siren chants its luring song.
The sea snake bites you!
* * * LOW HITPOINT WARNING * * *
The manticore flicks its tail.
The volley of spikes skewers you!
More barbed spikes become lodged in your body.
* * * LOW HITPOINT WARNING * * *
The merfolk siren hits you from afar with a +0 spear!
You die...

#.#.~[≈.##.....~~~....
#..)§.#.#~PP.......##
##.≈#~⌠.≈#~~~......## ~
#.}.≈W..##.PP.....~~~~
~.####++####.....~.~~~~!
~~P..............~~..~~~
PP~P......H...~~~....~~~
PP~.........P.>.......~~
≈P~P...I.........~.~~~~~
≈PPP...S..PP.......~~~~~
≈~~P...mPP....###...
≈~PP...........# .~.
≈≈PPP..(........
≈≈~~~~~.........
≈≈≈~~....##..P.~
≈≈≈(~~>.P# .~~~~ ,


You could see a sea snake, a manticore, a merfolk siren (mesmerising) and
kasel's ghost.

Vanquished Creatures
  Saint Roka (Orc:2)
  Jorgrun (Orc:2)
  Gastronok (Lair:2)
  Nessos (Orc:2)
  Azrael (Orc:2)
  A fire dragon (D:12)
  Josephine (D:11)
  Fannar (D:11)
  2 hydras
  2 ice dragons
  5 catoblepae
  2 centaur warriors
  4 two-headed ogres
  5 boulder beetles
  A merfolk aquamancer (Shoals:1)
  11 death yaks (Lair:5)
  The ghost of ddoljuk the Fighter, a novice TrMo (D:8)
  Urug (D:12)
  Sonja (Lair:4)
  An orc high priest (Orc:2)
  Nergalle (D:10)
  A fire crab (Lair:5)
  A pharaoh ant (Lair:3)
  A skyshark (Lair:5)
  2 sea snakes (Shoals:1)
  2 arcanists
  A phantasmal warrior (D:13)
  A lindwurm (Lair:5)
  An orc knight (D:12)
  3 obsidian bats
  7 ugly things
  2 deep elf pyromancers
  3 orc sorcerers (Orc:2)
  3 manticores
  3 cyclopes
  3 meliai (D:13)
  A meliai (shapeshifter) (D:13)
  3 black mambas (Lair:5)
  2 kobold blastminers
  A merfolk siren (Shoals:1)
  14 cane toads
  An ice statue (Lair:3)
  4 elephants (Lair:3)
  A torpor snail (D:14)
  A cane toad (shapeshifter) (D:14)
  An unseen horror (shapeshifter) (D:12)
  14 rime drakes
  A gargoyle (D:11)
  6 komodo dragons
  Psyche (D:11)
  An anaconda simulacrum (Lair:3)
  3 unseen horrors
  A freezing wraith (Lair:3)
  An ice devil (Lair:3)
  7 trolls
  Grinder (D:5)
  4 polar bears
  5 merfolk
  10 blink frogs
  11 dream sheep
  A snapping turtle (Shoals:1)
  Sigmund (D:2)
  2 wyverns (Lair:4)
  A ynoxinul (D:8)
  2 water elementals (Shoals:1)
  6 wraiths
  4 slime creatures (D:14)
  A spriggan (shapeshifter) (D:13)
  A shadow (D:12)
  78 yaks
  5 wargs
  4 basilisks
  3 steam dragons
  A redback (Lair:3)
  6 vampire mosquitoes
  A fire elemental (Orc:2)
  7 hell hounds (Orc:2)
  2 acid dragons
  A water moccasin (shapeshifter) (D:14)
  8 water moccasins
  36 orc warriors
  A black bear (Lair:1)
  10 ogres
  23 wolves
  7 centaurs
  2 phantoms
  3 kobold brigands
  12 bullfrogs
  9 scorpions
  2 gnoll sergeants
  7 wights
  8 killer bees (D:9)
  A troll skeleton (D:9)
  4 howler monkeys
  5 spriggan skeletons (D:9)
  3 jellies
  18 orc priests
  2 gnoll boudas
  2 sleepcaps
  Ijyb (D:3)
  35 orc wizards
  Natasha (thrice) (D:2)
  3 iguanas
  4 hell rats (Lair:5)
  A polar bear simulacrum (Lair:3)
  A wolf simulacrum (Lair:3)
  18 gnolls
  3 adders
  2 shadow imps
  A white imp (D:6)
  4 ufetubi
  3 dart slugs
  A ribbon worm (D:13)
  121 orcs
  6 ball pythons
  8 endoplasms
  2 giant cockroaches
  8 goblins
  14 hobgoblins
  7 jackals
  2 quokkas
  5 bats
  A frilled lizard (D:3)
  18 kobolds
  3 rats
739 creatures vanquished.

Vanquished Creatures (others)
  An orc wizard (Orc:2)
  3 orcs (Orc:2)
  4 spectral weapons
8 creatures vanquished.

Grand Total: 747 creatures vanquished

Notes
Turn   | Place    | Note
-------+----------+-------------------------------------------
     0 | D:1      | onfire the Oni Gladiator began the quest for the Orb.
     0 | D:1      | Reached XP level 1. HP: 22/22 MP: 1/1
    62 | D:1      | Reached XP level 2. HP: 28/29 MP: 2/2
   705 | D:2      | Identified the +0 leather armour "Xoturyps" {rElec Str+3
                  | Int-4 SInv}
   752 | D:2      | Noticed Natasha
   756 | D:2      | Killed Natasha
   757 | D:2      | Reached skill level 1 in Armour
   757 | D:2      | Reached XP level 3. HP: 20/37 MP: 3/3
   768 | D:2      | Reached XP level 4. HP: 18/45 MP: 4/4
   844 | D:2      | Noticed Natasha
   854 | D:2      | Killed Natasha
   985 | D:2      | Noticed Sigmund
   998 | D:2      | Killed Sigmund
   999 | D:2      | Reached skill level 5 in Maces & Flails
   999 | D:2      | Reached XP level 5. HP: 53/55 MP: 5/5
   999 | D:2      | Reached XP level 6. HP: 61/63 MP: 6/6
  1051 | D:2      | Noticed Natasha
  1065 | D:2      | Killed Natasha
  1271 | D:2      | Found a faded altar of an unknown god.
  1858 | D:3      | Noticed Ijyb
  1864 | D:3      | Killed Ijyb
  2130 | D:3      | You fall into a shaft and drop 2 floors!
  2130 | D:5      | Entered Level 5 of the Dungeon
  2130 | D:5      | Found Oprilil's Armour Shoppe.
  2149 | D:5      | Reached skill level 5 in Fighting
  2149 | D:5      | Reached XP level 7. HP: 60/72 MP: 7/7
  2375 | D:4      | Found a glowing silver altar of Zin.
  2897 | D:3      | Found a blossoming altar of Fedhas.
  2916 | D:3      | Identified the +2 robe of Light {+Inv Stlth+}
  3411 | D:4      | Found a staircase to the Ecumenical Temple.
  3417 | Temple   | Entered the Ecumenical Temple
  3426 | Temple   | Became a worshipper of Warmaster Okawaru
  4184 | D:5      | Noticed Grinder
  4200 | D:5      | Killed Grinder
  4200 | D:5      | Reached * piety under Okawaru
  4201 | D:5      | Reached XP level 8. HP: 52/83 MP: 8/8
  5196 | D:6      | Reached ** piety under Okawaru
  5368 | D:6      | Reached XP level 9. HP: 82/93 MP: 9/9
  6373 | D:7      | Reached skill level 5 in Armour
  6455 | D:7      | Found a snail-covered altar of Cheibriados.
  6532 | D:8      | Noticed ddoljuk's ghost (novice TrMo)
  6535 | D:8      | Found a runed translucent door.
  6713 | D:8      | Reached skill level 10 in Maces & Flails
  6737 | D:8      | Reached skill level 1 in Invocations
  6969 | D:8      | Reached *** piety under Okawaru
  7829 | D:9      | Noticed an unseen horror
  7912 | D:9      | Killed an unseen horror
  7913 | D:9      | Reached XP level 10. HP: 62/107 MP: 12/12
  8131 | D:9      | Reached **** piety under Okawaru
  8926 | D:9      | Reached ***** piety under Okawaru
  8944 | D:9      | Reached skill level 10 in Fighting
  9187 | D:10     | Entered Level 10 of the Dungeon
  9240 | D:10     | Noticed a two-headed ogre
  9245 | D:10     | Killed a two-headed ogre
  9246 | D:10     | Reached skill level 5 in Invocations
  9410 | D:10     | Noticed Nergalle
  9428 | D:10     | Killed Nergalle
  9429 | D:10     | Reached XP level 11. HP: 115/119 MP: 11/15
  9561 | D:10     | Noticed Girthnturf's ghost (journeyman DsFi)
  9562 | D:10     | Found a runed translucent gate.
  9563 | D:10     | Found a runed translucent gate.
  9725 | D:10     | Noticed a two-headed ogre
  9746 | D:10     | Killed a two-headed ogre
  9746 | D:10     | Received a gift from Okawaru
 10172 | D:10     | Found a runed translucent gate.
 10444 | D:8      | Killed ddoljuk's ghost
 10883 | D:11     | Noticed Psyche
 10893 | D:11     | Killed Psyche
 10935 | D:11     | Noticed a cyclops
 10946 | D:11     | Killed a cyclops
 11008 | D:11     | Noticed Josephine
 11014 | D:11     | Found a staircase to the Lair.
 11018 | Lair:1   | Entered Level 1 of the Lair of Beasts
 11299 | Lair:1   | Received a gift from Okawaru
 12092 | Lair:1   | Reached skill level 10 in Invocations
 12092 | Lair:1   | Reached skill level 1 in Shapeshifting
 12092 | Lair:1   | Reached XP level 12. HP: 81/128 MP: 19/19
 12103 | Lair:1   | Received a gift from Okawaru
 12300 | Lair:1   | Reached skill level 2 in Shapeshifting
 12976 | Lair:1   | Reached skill level 3 in Shapeshifting
 13680 | Lair:2   | Found the +4 robe of Augmentation {Str+4 Int+4 Dex+4}
 13696 | Lair:2   | Reached skill level 4 in Shapeshifting
 13981 | Lair:2   | Received a gift from Okawaru
 13995 | Lair:2   | Reached skill level 5 in Shapeshifting
 14675 | Lair:2   | Noticed Gastronok
 14697 | Lair:2   | Killed Gastronok
 14698 | Lair:2   | Reached skill level 6 in Shapeshifting
 14854 | Lair:2   | Reached skill level 7 in Shapeshifting
 14873 | Lair:2   | Reached ****** piety under Okawaru
 14877 | Lair:2   | Received a gift from Okawaru
 14899 | Lair:2   | Acquired a +5 spectral giant spiked club
 14899 | Lair:2   | Received a gift from Okawaru
 15056 | Lair:2   | Reached skill level 8 in Shapeshifting
 15626 | Lair:3   | Found a hole to the Spider Nest.
 15905 | Lair:3   | Reached XP level 13. HP: 126/136 MP: 21/21
 15939 | Lair:3   | Reached skill level 9 in Shapeshifting
 16107 | Lair:3   | Reached skill level 10 in Shapeshifting
 16357 | Lair:3   | Received a gift from Okawaru
 16770 | Lair:3   | Found a staircase to the Shoals.
 17132 | Lair:3   | Reached skill level 11 in Shapeshifting
 17376 | Lair:3   | Noticed an ice dragon
 17381 | Lair:3   | Killed an ice dragon
 17402 | Lair:3   | Identified the +0 mace "Keozich" {freeze, rElec Str+3
                  | Int+2}
 17407 | Lair:3   | Received a gift from Okawaru
 18083 | Lair:4   | Reached skill level 12 in Shapeshifting
 18323 | Lair:4   | Noticed Sonja
 18329 | Lair:4   | Killed Sonja
 18920 | Lair:5   | Entered Level 5 of the Lair of Beasts
 18953 | Lair:5   | Received a gift from Okawaru
 19004 | Lair:5   | Reached skill level 13 in Shapeshifting
 19033 | Lair:5   | Reached XP level 14. HP: 108/144 MP: 22/22
 19299 | Lair:5   | Found a shimmering altar of Xom.
 19319 | Lair:5   | Reached skill level 14 in Shapeshifting
 19320 | Lair:5   | Found a viscous altar of Jiyva.
 19326 | Lair:5   | Found a staircase to the Slime Pits.
 19342 | Lair:5   | Received a gift from Okawaru
 19801 | Lair:5   | Reached skill level 15 in Shapeshifting
 19952 | Lair:5   | Received a gift from Okawaru
 20314 | Lair:5   | Identified the +1 fire dragon scales of Xom's Benevolence
                  | {rF++ rC- rN+ Dex+3}
 20545 | D:11     | Killed Josephine
 20547 | D:11     | Reached skill level 16 in Shapeshifting
 20598 | D:11     | Found a portal to a secret trove of treasure.
 20612 | D:11     | Received a gift from Okawaru
 20679 | D:11     | Noticed Fannar
 20686 | D:11     | Killed Fannar
 21056 | D:12     | Found a roughly hewn altar of Beogh.
 21056 | D:12     | Found a staircase to the Orcish Mines.
 21211 | D:12     | Reached XP level 15. HP: 152/152 MP: 23/23
 21355 | D:12     | Noticed Urug
 21360 | D:12     | Killed Urug
 21361 | D:12     | Reached skill level 5 in Throwing
 21873 | Orc:1    | Entered Level 1 of the Orcish Mines
 21952 | Orc:2    | Entered Level 2 of the Orcish Mines
 21999 | Orc:1    | Noticed Jorgrun
 22011 | Orc:2    | Found Fuax's General Store.
 22160 | Orc:2    | Received a gift from Okawaru
 22266 | Orc:2    | Found a staircase to the Elven Halls.
 22284 | Orc:2    | Found a roughly hewn altar of Beogh.
 22313 | Orc:2    | Found a roughly hewn altar of Beogh.
 22392 | Orc:2    | Noticed Nessos
 22400 | Orc:2    | Killed Nessos
 22793 | Orc:2    | Noticed Saint Roka
 22805 | Orc:2    | Killed Saint Roka
 22809 | Orc:2    | Found Enics's Antique Weapon Boutique.
 22810 | Orc:2    | Found a roughly hewn altar of Beogh.
 22815 | Orc:2    | Found Inosarooh's Antique Armour Shop.
 23050 | Orc:2    | Found a roughly hewn altar of Beogh.
 23051 | Orc:2    | Found Qiuchaop's General Store.
 23125 | Orc:2    | Found a roughly hewn altar of Beogh.
 23187 | Orc:2    | Noticed Azrael
 23455 | Orc:2    | Killed Azrael
 23664 | Orc:2    | Found a roughly hewn altar of Beogh.
 23664 | Orc:2    | Found Gakil's Antique Weapon Emporium.
 23701 | Orc:2    | Found a roughly hewn altar of Beogh.
 23770 | Orc:2    | Killed Jorgrun
 23770 | Orc:2    | Received a gift from Okawaru
 23930 | Orc:1    | Reached skill level 10 in Throwing
 23939 | Orc:1    | Reached skill level 1 in Evocations
 24282 | D:13     | Identified the +3 ring mail of the Circus Animal {*Corrode
                  | rF++ Will+ Regen+}
 24554 | D:13     | Found a gate to the Vaults.
 24669 | D:13     | Found a snail-covered altar of Cheibriados.
 25416 | D:14     | Found Pihuot's Weapon Boutique.
 25541 | D:14     | Received a gift from Okawaru
 25636 | D:14     | Reached skill level 5 in Evocations
 25694 | D:14     | Found the +4 skin of Zhor {*Englaciate rC+++ SInv}
 25897 | D:14     | Reached XP level 16. HP: 162/162 MP: 24/24
 26217 | D:15     | Entered Level 15 of the Dungeon
 26464 | Shoals:1 | Entered Level 1 of the Shoals
 26464 | Shoals:1 | Found a glacial archway.
 26540 | Shoals:1 | Found a large runed translucent door.
 26540 | Shoals:1 | Found a large runed translucent door.
 26541 | Shoals:1 | Noticed kasel's ghost (adept DrSh)
 26555 | Shoals:1 | HP: 10/214 [manticore/volley of spikes (12)]
 26555 | Shoals:1 | Slain by a merfolk siren

Illustrated notes

Levels and vault maps discovered:
D:1:      psy_arrival_statuary, layout_basic, palyth_stone_intersect
D:2:      layout_loops_corners, dreamdust_ecumenical_altar_grove,
          minmay_heptomino_o4, uniq_sigmund, uniq_natasha
D:3:      kennysheep_the_goblin_king, layout_loops_ring, fedhas_altar_3,
          serial_park_tiny_1, minmay_distorted, uniq_ijyb
D:4:      layout_basic, lemuel_crystal_altar, temple_green, serial_curves,
          eino_curves_02, eino_curves_04
D:5:      layout_loops_cross, serial_shops, shop, uniq_grinder
D:6:      layout_basic
D:7:      layout_rooms, nicolae_overflow_hidden_temple
D:8:      layout_loops_ring, hellmonk_ghost_big_iron
D:9:      layout_gridville, hangedman_tell_no_tales
D:10:     layout_irregular_city, gammafunk_ghost_necromancy, uniq_nergalle
D:11:     layout_rooms, dpeg_oklobed_lair, nicolae_trove_entry_crossroad,
          hex_medium, uniq_josephine, uniq_psyche, uniq_fannar
D:12:     layout_roguey, david_orc_5, hangedman_abyss_or_decor_clamps, uniq_urug
D:13:     layout_gridville, david_vaults_4, slow_altar_1
D:14:     layout_roguey, serial_shops, nicolae_shop_trees, grunt_decor_cap,
          hellmonk_guarded_unrand_zhor
D:15:     gammafunk_depths_entry_grave, layout_basic,
          serial_library_hellmonk_angled_corner
Temple:   mainiacjoe_temple_coin_purse
Lair:1:   layout_regular_city
Lair:2:   layout_cave_pods, st_stairs_12, serial_bayou_shore_a,
          lemuel_fruit_fields, uniq_gastronok
Lair:3:   dreamdust_isle_of_ice, layout_cave_pods,
          mainiacjoe_shoals_entry_four_pools,
          nicolae_spider_entry_lesser_pyramids
Lair:4:   layout_cave_pods, uniq_sonja
Lair:5:   evilmike_catoblepas_cave, layout_regular_city, slime_entry_1,
          basic_altar
Shoals:1: layout_shoals, portal_ice_cave_entry_ice_simulacra,
          ebering_ghost_disaster_area, serial_shops, nicolae_shop_waterfront
Orc:1:    layout_caves, uniq_jorgrun
Orc:2:    grunt_orc_community_town_hall, layout_diamond_mine,
          grunt_orc_community_big_house_1, grunt_orc_community_big_house_1,
          grunt_orc_community_house_1, grunt_orc_community_house_1,
          grunt_orc_community_house_3, grunt_orc_community_house_3,
          serial_shops, nicolae_shop_hallway_plus, mines4_lemuel, uniq_azrael,
          uniq_nessos

Skill      XL: |  1  2  3  4  5  6  7  8  9 10 11 12 13 14 15 |
---------------+----------------------------------------------+-----
Fighting       | 3 4 5 6 7 9 10 11 | 11.7
Armour         | 1 2 3 4 5 |  5.0
Maces & Flails | 4 5 6 7 9 11 12 14 | 14.8
Invocations    | 3 5 10 11 | 11.0
Shapeshifting  | 1 8 13 16 | 16.0
Throwing       | 3 10 | 10.0
Evocations     | 5 |  5.0
Dodging        | |  2.6

Action                     |  1- 3 |  4- 6 |  7- 9 | 10-12 | 13-15 | 16-18 || total
---------------------------+-------+-------+-------+-------+-------+-------++-------
  Melee: Flail             |    49 |    89 |   466 |    45 |       |       ||   649
         Headbutt          |     6 |    16 |    83 |   130 |   135 |     9 ||   379
         Dire flail        |       |       |       |   499 |       |       ||   499
         Giant spiked club |       |       |       |    23 |   675 |    45 ||   743
  Throw: Throwing net      |       |       |       |     6 |       |       ||     6
         Dart              |       |       |       |     1 |       |       ||     1
         Javelin           |       |       |       |       |    10 |       ||    10
         Large rock        |       |       |       |       |       |     3 ||     3
 Invoke: Heroism           |       |       |     1 |     1 |     1 |     1 ||     4
         Receive Weapon    |       |       |       |     1 |       |       ||     1
  Evoke: Wand              |       |       |     3 |     4 |     2 |       ||     9
    Use: Scroll            |     5 |       |    16 |     4 |    13 |     1 ||    39
         Potion            |       |       |     2 |     2 |     2 |       ||     6
   Stab: Sleeping          |       |       |    10 |     2 |     1 |       ||    13
         Distracted        |       |       |     1 |     2 |     3 |       ||     6
         Held in net/web   |       |       |       |     3 |       |       ||     3
 Armour: Robe              |    33 |    53 |   283 |   301 |   125 |       ||   795
         Troll leather arm |       |       |       |    19 |       |       ||    19
         Skin              |       |       |       |       |   953 |   102 ||  1055
  Dodge: Dodged            |    21 |    38 |   191 |   121 |   516 |    35 ||   922
  Block: Other             |       |       |    87 |    75 |   217 |    10 ||   389
         Reflection        |       |       |     1 |     1 |    10 |       ||    12
   Form: Statue            |       |       |       |       |     1 |       ||     1

Table legend: (Time is in decaauts)
 A = Elapsed time spent in this place.
 B = Non-inter-level travel time spent in this place.
 C = Inter-level travel time spent in this place.
 D = Time resting spent in this place.
 E = Time spent auto-exploring this place.
 F = Levels seen in this place.
 G = Mean time per level.
                   A        B        C        D        E       F      G
               +--------+--------+--------+--------+--------+-----+--------+
         Total |  30710 |  29166 |   1544 |   1955 |  21839 |  24 | 1279.6 |
       Dungeon |  16161 |  15214 |    947 |    440 |  12293 |  15 | 1077.4 |
        Temple |     18 |      1 |     17 |      0 |      0 |   1 |   18.0 |
          Lair |  10815 |  10316 |    499 |    886 |   7706 |   5 | 2163.0 |
        Shoals |    134 |    134 |      0 |     37 |      0 |   1 |  134.0 |
  Orcish Mines |   3580 |   3500 |     80 |    591 |   1839 |   2 | 1790.0 |
               +--------+--------+--------+--------+--------+-----+--------+

Top non-repeatable levels by time:
   Orc:2: 2984 daAuts
  Lair:3: 2446 daAuts
  Lair:2: 2325 daAuts
  Lair:1: 2319 daAuts
  Lair:5: 2273 daAuts
     D:9: 1684 daAuts
    D:13: 1636 daAuts
    D:12: 1465 daAuts
  Lair:4: 1450 daAuts
    D:14: 1390 daAuts
     D:8: 1178 daAuts
     D:2: 1170 daAuts
    D:10: 1149 daAuts
     D:6: 1136 daAuts
    D:11: 1117 daAuts
